 Dungeon Crawl Stone Soup version 0.26-a0-597-gb535b0901c (webtiles) character file.

Game seed: 7175940640208479653

32 Alarkh the Insei (level 3, -1/29 HPs)
             Began as a Demonspawn Monk on Sept 3, 2020.
             Killed from afar by Jessica (8 damage)
             ... with a puff of flame
             ... on level 2 of the Dungeon.
             The game lasted 00:01:20 (1208 turns).

Alarkh the Insei (Demonspawn Monk)                  Turns: 1208, Time: 00:01:21

Health: -1/29      AC:  2    Str: 11    XL:     3   Next: 10%
Magic:  3/3        EV: 13    Int: 12    God:
Gold:   59         SH:  0    Dex: 15    Spells: 2/2 levels left

rFire    . . .     SeeInvis .     - Unarmed
rCold    . . .     Faith    .   (no shield)
rNeg     . . .     Spirit   .   a - +0 robe
rPois    .         Reflect  .   (no helmet)
rElec    .         Harm     .   (no cloak)
rCorr    .                      (no gloves)
MR       .....                  (no boots)
Stlth    ++........             (no amulet)
HPRegen  0.09/turn              (no ring)
MPRegen  0.08/turn              (no ring)

@: no status effects
A: powered by pain 1
a: no special abilities


You were on level 2 of the Dungeon.
You visited 1 branch of the dungeon, and saw 2 of its levels.

You collected 59 gold pieces.

Inventory:

Armour
 a - a +0 robe (worn)
Jewellery
 d - an uncursed ring of protection from magic {unknown}
Scrolls
 c - a scroll of fog {unknown}
 e - a scroll of immolation {unknown}
 f - 2 scrolls of identify {unknown}
 g - a scroll of remove curse {unknown}
Potions
 h - a potion of curing


   Skills:
 + Level 3.4 Fighting
 - Level 2.6 Dodging
 - Level 1.7 Stealth
 * Level 3.5 Unarmed Combat


You had 2 spell levels left.
You didn't know any spells.
Your spell library was empty.

Dungeon Overview and Level Annotations

Branches:
Dungeon (2/15)

Altars:

Annotations:
D:2 Jessica


Innate Abilities, Weirdness & Mutations

You sometimes gain a little power by taking damage.


Message History

The ball python constricts you. Jessica hits you with a +0 club.
You hit the ball python.
The ball python is moderately wounded.
The ball python bites you but does no damage.
The ball python constricts you.
Jessica gestures wildly while chanting.
Jessica seems to speed up.
You hit the ball python but do no damage.
The ball python is moderately wounded.
The ball python bites you. The ball python constricts you.
Jessica points at you and mumbles some strange words.
Pain shoots through your body!
* * * LOW HITPOINT WARNING * * *
You hit the ball python.
You kill the ball python!
Jessica barely misses you.
You barely miss Jessica.
Jessica is heavily wounded.
Jessica zaps a wand.
The puff of flame hits you!
You die...

.#############.##.#####
.'....................#
.#############..#.###.#
## ######+#'###
#..........#
#..........#
#..........#
#......@...#
#......@...#
#........>.#
#..........#
#..........#
#..........#
#########+##


You could see Jessica (fast).

Vanquished Creatures
  2 oozes (D:1)
  A leopard gecko (D:1)
  2 ball pythons
  A giant cockroach (D:1)
  2 goblins (D:1)
  6 hobgoblins
  3 bats (D:1)
  3 rats (D:1)
20 creatures vanquished.

Notes
Turn   | Place    | Note
-------+----------+-------------------------------------------
     0 | D:1      | Alarkh the Demonspawn Monk began the quest for the Orb.
     0 | D:1      | Reached XP level 1. HP: 18/18 MP: 1/1
   129 | D:1      | Gained mutation: You sometimes gain a little power by
                  | taking damage. [demonic ancestry]
   129 | D:1      | Reached XP level 2. HP: 3/24 MP: 2/2
   919 | D:2      | Reached XP level 3. HP: 8/29 MP: 3/3
  1196 | D:2      | Noticed Jessica
  1208 | D:2      | Killed from afar by Jessica

Illustrated notes

Levels and vault maps discovered:
D:1:      sevenhm_arrival_forest_fort_large_4, layout_rooms
D:2:      layout_basic, hangedman_decor_slide_cut, minmay_misc_feat_tower,
          uniq_jessica, uniq_sigmund, uniq_natasha

Skill      XL: |  1 |
---------------+----+-----
Unarmed Combat | 3 |  3.5
Fighting       | |  3.4
Dodging        | |  2.6
Stealth        | |  1.7

Action                   || total
-------------------------++-------
Melee: Unarmed           ||    88
       Punch             ||     2
  Use: Potion            ||     2
 Stab: Sleeping          ||     3
Armor: Robe              ||    16
Dodge: Dodged            ||    70

Table legend: (Time is in decaauts)
 A = Elapsed time spent in this place.
 B = Non-inter-level travel time spent in this place.
 C = Inter-level travel time spent in this place.
 D = Time resting spent in this place.
 E = Time spent auto-exploring this place.
 F = Levels seen in this place.
 G = Mean time per level.
                   A        B        C        D        E       F      G
               +--------+--------+--------+--------+--------+-----+--------+
         Total |   1183 |   1120 |     63 |    387 |    544 |   2 |  591.5 |
       Dungeon |   1183 |   1120 |     63 |    387 |    544 |   2 |  591.5 |
               +--------+--------+--------+--------+--------+-----+--------+

Top non-repeatable levels by time:
     D:1: 1067 daAuts
     D:2: 115 daAuts
